 Dungeon Crawl Stone Soup version 0.31-a0-237-g2d982f9f85 (webtiles) character file.

Game seed: 4898129083595022555

393 qw the Shooter (level 6, 0/37 HPs)
             Began as a Gargoyle Hexslinger on July 10, 2023.
             Slain by a worm (8 damage)
             ... on level 4 of the Dungeon.
             The game lasted 00:01:41 (3391 turns).

qw the Shooter (Gargoyle Hexslinger)                Turns: 3391, Time: 00:01:42

Health: 0/37       AC: 12    Str: 11    XL:     6   Next: 81%
Magic:  7/7        EV: 10    Int: 14    God:
Gold:   197        SH:  0    Dex: 14    Spells: 6/7 levels left

rFire   . . .        Y - +1 sling
rCold   + + .        (no shield)
rNeg    + . .        h - +0 ring mail
rPois   inf          p - +0 helmet
rElec   +            f - +0 cloak
rCorr   .            e - +0 pair of gloves
SInv    .            (no boots)
Will    .....        c - amulet of Lihelu {RegenMP rC+}
Stlth   +            d - ring of protection from cold
HPRegen 0.26/turn    (no ring)
MPRegen 0.50/turn

%: no passive effects
@: no status effects
A: sickness immunity, AC +4, negative energy resistance 1, electricity
resistance, torment resistance 1, petrification resistance
a: no special abilities


You were on level 4 of the Dungeon.
You visited 1 branch of the dungeon, and saw 4 of its levels.

You collected 197 gold pieces.


Innate Abilities, Weirdness & Mutations

You are immune to sickness and miasma.
Your stone body is resilient. (AC +4)
You are immune to poison.
You resist negative energy. (rN+)
You are resistant to electric shocks. (rElec)
You are resistant to unholy torment.
You are immune to petrification.


   Skills:
 - Level 3.4 Fighting
 - Level 6.1 Ranged Weapons
 + Level 1.3 Armour
 - Level 1.5 Dodging
 - Level 1.0 Spellcasting
 - Level 2.6 Hexes


You had 6 spell levels left.
You knew the following spells:

 Your Spells              Type           Power      Damage    Failure   Level
a - Slow                  Hex            32%        N/A       21%         1

Your spell library contained the following spells:

 Spells                   Type           Power      Damage    Failure   Level
 Inner Flame              Hex/Fire       4%         N/A       71%         3
 Portal Projectile        Hex/Tloc       8%         N/A       71%         3
 Cause Fear               Hex            4%         N/A       90%         4

Inventory:

Hand Weapons
 Y - a +1 sling (weapon)
Armour
 e - a +0 pair of gloves (worn)
 f - a +0 cloak (worn)
 h - a +0 ring mail (worn)
 p - a +0 helmet (worn)
Jewellery
 c - the amulet of Lihelu (around neck) {RegenMP rC+}
   (You acquired it on level 2 of the Dungeon)

   [amulet of magic regeneration]

   It increases your rate of magic regeneration.
   rC:        It protects you from cold.
 d - a ring of protection from cold (left hand)
Scrolls
 k - a scroll of immolation {unknown}
 l - a scroll of vulnerability {unknown}
Potions
 a - a potion of enlightenment {unknown}
 b - 2 potions of curing
 g - a potion of might {unknown}
 i - a potion of haste {unknown}
 j - a potion of degeneration {unknown}
 n - a potion of heal wounds {unknown}

Dungeon Overview and Level Annotations

Branches:
Dungeon (4/15)
 Temple: D:4-7

Altars:
Okawaru

Shops:
D:1 [


Message History

You shoot a sling bullet. The sling bullet hits the worm!
The worm is heavily wounded.
The worm barely misses you. The worm bites you!
You shoot a sling bullet. The sling bullet hits the worm.
The worm is severely wounded.
The worm closely misses you.
You shoot a sling bullet.
The sling bullet barely misses the worm.
The worm bites you! The worm bites you.
You shoot a sling bullet. The sling bullet hits the worm.
The worm is almost dead.
The worm closely misses you.
You shoot a sling bullet.
The sling bullet completely misses the worm.
The worm bites you but does no damage. The worm barely misses you.
You shoot a sling bullet.
The sling bullet barely misses the worm.
The worm bites you but does no damage.
You shoot a sling bullet.
The sling bullet barely misses the worm.
The worm bites you but does no damage. x2
You shoot a sling bullet.
The sling bullet hits the worm but does no damage.
The worm is severely wounded.
The worm bites you but does no damage.
You shoot a sling bullet. The sling bullet hits the worm.
The worm is severely wounded.
The worm completely misses you. The worm bites you but does no damage.
You shoot a sling bullet. The sling bullet hits the worm.
The worm is almost dead.
The worm closely misses you.
You shoot a sling bullet. The sling bullet hits the worm.
The worm is almost dead.
The worm bites you. The worm bites you but does no damage.
You shoot a sling bullet. The sling bullet hits the worm.
You kill the worm!
You shoot a sling bullet.
The sling bullet hits the worm but does no damage.
The worm bites you!
You die...

#..........# #..........#
######.....# #.....#
####### ###########
#.........#
#######.........####
#.w@.##.........+...
#'%#............#.##
.....####.........#.##
....... ##'########... ¤¤
....... #.# #...... ###~~
##..$...#####.# #.##...
#.##~
~##.....#.....#####.##...
#..##
~~##....#.....'......#...
#...##¤~~##
#.....#####..#...


You could see a worm.

Vanquished Creatures
  A scorpion (D:4)
  2 hounds (D:4)
  An iguana (D:4)
  An orc wizard (D:3)
  A sleepcap (D:4)
  Robin (D:3)
  6 adders
  A shadow imp (D:3)
  A white imp (D:4)
  2 worms
  A dart slug (D:4)
  7 orcs (D:3)
  12 ball pythons
  7 bats
  8 endoplasms
  5 giant cockroaches
  13 goblins
  8 hobgoblins
  4 jackals (D:3)
  3 kobolds
  6 quokkas
  2 frilled lizards (D:1)
  10 rats
103 creatures vanquished.

Notes
Turn   | Place    | Note
-------+----------+-------------------------------------------
     0 | D:1      | qw the Gargoyle Hexslinger began the quest for the Orb.
     0 | D:1      | Reached XP level 1. HP: 12/12 MP: 2/2
     0 | D:1      | 0 ||| qw: Version: 0.3-a-52-g30416fa
     0 | D:1      | 0 ||| qw: Game counter: 5032
     0 | D:1      | 0 ||| qw: Melee chars always use a shield: true
     0 | D:1      | 0 ||| qw: God list: Okawaru
     0 | D:1      | 0 ||| qw: Allow faded altars: false
     0 | D:1      | 0 ||| qw: Do Orc after clearing Dungeon:15 true
     0 | D:1      | 0 ||| qw: Do second Lair branch before Depths: true
     0 | D:1      | 0 ||| qw: Lair rune preference: random
     0 | D:1      | 0 ||| qw: Goals: Normal
     0 | D:1      | 0 ||| PLANNING D:1-11
   112 | D:1      | Reached XP level 2. HP: 8/16 MP: 3/3
   198 | D:1      | Reached skill level 3 in Ranged Weapons
   317 | D:1      | Reached XP level 3. HP: 21/21 MP: 4/4
   789 | D:1      | 789 ||| UPGRADING to +0 pair of gloves.
   794 | D:1      | 794 ||| UPGRADING to ring of protection from cold.
   795 | D:1      | 795 ||| DROPPING ring of magical power.
   796 | D:1      | 796 ||| READING scroll labelled HUDDA XUCSYOWU.
   797 | D:1      | 797 ||| READING scroll labelled PIOJEA REODGHARGH.
   890 | D:1      | 890 ||| DROPPING scroll of poison.
   924 | D:1      | Found Vibromio's Antique Armour Emporium.
   928 | D:1      | 928 ||| SHOPLISTING bloodstained robe (176 gold, have 25).
   928 | D:1      | 928 ||| SHOPLISTING dyed leather armour (155 gold, have
                  | 25).
   928 | D:1      | 928 ||| SHOPLISTING embroidered cloak (232 gold, have 25).
   928 | D:1      | 928 ||| SHOPLISTING glowing leather armour (155 gold, have
                  | 25).
   928 | D:1      | 928 ||| SHOPLISTING leather armour (62 gold, have 25).
   928 | D:1      | 928 ||| SHOPLISTING shimmering ring mail (279 gold, have
                  | 25).
  1139 | D:2      | Reached XP level 4. HP: 26/26 MP: 5/5
  1258 | D:2      | Reached skill level 4 in Ranged Weapons
  1688 | D:2      | 1688 ||| UPGRADING to +0 cloak.
  1693 | D:2      | 1693 ||| UPGRADING to +0 ring mail.
  1703 | D:2      | 1703 ||| DROPPING +0 robe.
  1704 | D:2      | 1704 ||| READING scroll labelled WEF MEQEFRO.
  1704 | D:2      | Identified a scroll of acquirement
  1704 | D:2      | 1704 ||| ACQUIRING amulet of Lihelu {RegenMP rC+}
  1704 | D:2      | Acquired the amulet of Lihelu {RegenMP rC+}
  1706 | D:2      | 1706 ||| UPGRADING to amulet of Lihelu {RegenMP rC+}.
  1711 | D:2      | 1711 ||| READING scroll labelled XURILO FIQATA.
  1712 | D:2      | 1712 ||| DRINKING 2 fizzy clear potions.
  1713 | D:2      | 1713 ||| DRINKING 2 yellow potions.
  1714 | D:2      | 1714 ||| DROPPING potion of attraction.
  1755 | D:3      | Reached skill level 1 in Armour
  1913 | D:3      | Reached XP level 5. HP: 30/30 MP: 6/6
  1936 | D:3      | Noticed Robin
  1946 | D:3      | HP: 5/30 [Robin/+0 spear (4)]
  1952 | D:3      | HP: 4/30 [Robin/+0 spear (1)]
  1957 | D:3      | HP: 3/30 [Robin/+0 spear (2)]
  1959 | D:3      | Killed Robin
  1960 | D:3      | 1960 ||| FLEEEEING.
  1961 | D:3      | 1961 ||| FLEEEEING.
  1962 | D:3      | 1962 ||| FLEEEEING.
  1963 | D:3      | 1963 ||| FLEEEEING.
  1964 | D:3      | 1964 ||| FLEEEEING.
  1965 | D:3      | 1965 ||| FLEEEEING.
  1966 | D:3      | 1966 ||| FLEEEEING.
  1967 | D:3      | 1967 ||| FLEEEEING.
  1968 | D:3      | 1968 ||| FLEEEEING.
  1969 | D:3      | 1969 ||| FLEEEEING.
  1970 | D:3      | 1970 ||| FLEEEEING.
  1971 | D:3      | 1971 ||| FLEEEEING.
  1972 | D:3      | 1972 ||| FLEEEEING.
  1980 | D:3      | HP: 7/30 [endoplasm (3)]
  2102 | D:3      | Reached skill level 5 in Ranged Weapons
  2272 | D:3      | Found a faded altar of an unknown god.
  2406 | D:3      | Found an iron altar of Okawaru.
  2649 | D:3      | 2649 ||| UPGRADING to +0 helmet.
  2654 | D:3      | 2654 ||| READING scroll labelled XIXEASMOACE.
  2755 | D:3      | 2755 ||| READING 2 scrolls labelled EPOUNU TEBLOOKH.
  2756 | D:3      | 2756 ||| READING scroll labelled ZAETEAGAANN.
  2757 | D:3      | 2757 ||| DRINKING 3 emerald potions.
  2758 | D:3      | 2758 ||| DROPPING 2 potions of brilliance.
  2759 | D:3      | 2759 ||| DROPPING scroll of amnesia.
  2839 | D:4      | Reached skill level 3 in Fighting
  2839 | D:4      | Reached XP level 6. HP: 24/37 MP: 7/7
  2912 | D:4      | 2912 ||| STAIRDANCE
  2931 | D:4      | Identified the +6 spear of Fitidi {holy, rElec rPois rCorr
                  | Str-5}
  3149 | D:4      | Reached skill level 6 in Ranged Weapons
  3381 | D:4      | HP: 8/37 [worm (3)]
  3389 | D:4      | HP: 7/37 [worm (3)]
  3391 | D:4      | Slain by a worm

Levels and vault maps discovered:
D:1:      tarquinn_simple_flora_water_a, layout_basic, serial_shops, shop,
          columned_hall_lemuel, st_stairs_11, nrook_uturn,
          hangedman_glass_teeth, wander_ebering_terrifying_dragon_lair
D:2:      layout_loops_cross, uniq_crazy_yiuf_cottage
D:3:      layout_rooms, nicolae_overflow_hidden_temple, serial_bayou,
          serial_bayou_pond_e, serial_bayou_lagoon_b, serial_bayou_pond_c,
          serial_bayou_pond_b, shapermc_ecumenical_altar_rom_forum,
          amcnicky_mini_corridor_feature, uniq_robin
D:4:      layout_basic, kennysheep_opposing_triangles

Skill      XL: |  1  2  3  4  5  6 |
---------------+-------------------+-----
Ranged Weapons | 3 4 5 6 |  6.1
Fighting       | 2 3 |  3.4
Armour         | 1 |  1.3
Dodging        | |  1.5
Spellcasting   | |  1.0
Hexes          | |  2.6

Action                     |  1- 3 |  4- 6 || total
---------------------------+-------+-------++-------
   Fire: Sling             |   135 |   304 ||   439
    Use: Scroll            |     2 |     5 ||     7
         Potion            |       |     3 ||     3
 Armour: Robe              |    26 |     9 ||    35
         Ring mail         |       |   103 ||   103
  Dodge: Dodged            |    45 |   127 ||   172

Table legend:
 A = Non-vault XP
 B = Vault XP
 C = Vault XP percentage of total XP
 D = Non-vault monster count
 E = Vault monster count
 F = Vault count percentage of total count
                 A         B        C        D         E       F
            +---------+---------+-------+---------+---------+-------
      Total |     505 |      57 |  10.1 |      82 |      21 |  20.4
            +---------+---------+-------+---------+---------+-------
        D:1 |      45 |       7 |  13.5 |      29 |       4 |  12.1
        D:2 |      65 |       0 |   0.0 |      17 |       0 |   0.0
        D:3 |     105 |      42 |  28.6 |      22 |      14 |  38.9
        D:4 |     290 |       8 |   2.7 |      14 |       3 |  17.6
            +---------+---------+-------+---------+---------+-------
